 Dungeon Crawl Stone Soup version 0.29-a0-356-g7bc237e783 (webtiles) character file.

Game seed: 10337802858646701081

4582 Morbidden the Cleaver (level 10, -6/77 HPs)
             Began as a Demonspawn Fighter on Apr 26, 2022.
             Was a Believer of Cheibriados.
             Mangled by an orc wizard
             ... wielding the +8 trident "Fuxo Saludd" {vorpal, rPois Will+ Dex+7}
              (9 damage)
             ... on level 8 of the Dungeon.
             The game lasted 00:08:10 (6895 turns).

Morbidden the Cleaver (Demonspawn Fighter)          Turns: 6895, Time: 00:08:10

Health: -6/77      AC: 15    Str: 26    XL:     10   Next: 18%
Magic:  16/16      EV:  7    Int: 16    God:    Cheibriados [**....]
Gold:   420        SH:  0    Dex: 19    Spells: 17/17 levels left

rFire   . . .      SeeInvis .   a - +0 war axe
rCold   . . .      Faith    .   g - +0 tower shield
rNeg    + . .      Spirit   .   s - +0 chain mail
rPois   .          Reflect  .   (no helmet)
rElec   .          Harm     .   (cloak unavailable)
rCorr   .          Rampage  .   (no gloves)
Will    .....                   (no boots)
Stlth   ..........              b - amulet of regeneration
HPRegen 1.02/turn               j - ring of positive energy
MPRegen 0.15/turn               w - ring of flight

@: confused, sanguine armoured, on berserk cooldown, flying, slowed, very slow
A: foul stench 1, spiny 1, sanguine armour 1, weakness stinger 3
a: Renounce Religion, Bend Time


You were on level 8 of the Dungeon.
You worshipped Cheibriados.
Cheibriados was pleased with you.
You visited 2 branches of the dungeon, and saw 9 of its levels.

You collected 420 gold pieces.

Inventory:

Hand Weapons
 a - a +0 war axe (weapon)
 C - a +0 mace
Missiles
 n - 3 poisoned darts (quivered)
 q - a curare-tipped dart
Armour
 g - a +0 tower shield (worn)
 s - a +0 chain mail (worn)
Jewellery
 b - an amulet of regeneration (around neck)
 h - an amulet of the acrobat
 j - a ring of positive energy (left hand)
 w - a ring of flight (right hand)
Wands
 y - a wand of digging (5)
Scrolls
 f - 2 scrolls of identify
 i - 3 scrolls of summoning {unknown}
 k - a scroll of noise {unknown}
 m - 3 scrolls of fog {unknown}
 o - 4 scrolls of teleportation
 p - 2 scrolls of enchant weapon
 t - a scroll of vulnerability {unknown}
 x - a scroll of silence {unknown}
 z - a scroll of immolation {unknown}
Potions
 d - a potion of might
 e - a potion of cancellation
 u - 3 potions of flight
 v - 2 potions of brilliance
 A - a potion of attraction {unknown}


   Skills:
 * Level 6.6 Fighting
 * Level 8.0(8.1) Axes
 * Level 0.8(5.0) Maces & Flails
 + Level 0.1 Throwing
 + Level 5.0 Armour
 * Level 4.2 Dodging
 + Level 0.3 Stealth
 * Level 5.7 Shields
 * Level 4.0 Spellcasting
 * Level 4.7 Invocations


You had 17 spell levels left.
You didn't know any spells.
Your spell library contained the following spells:

 Spells                   Type           Power      Damage    Failure   Level
 Summon Small Mammal      Summ           12%        N/A       100%        1
 Call Canine Familiar     Summ           3%         N/A       100%        3
 Summon Guardian Golem    Hex/Summ       3%         N/A       100%        3


Dungeon Overview and Level Annotations

Branches:
Dungeon (8/15)             Temple (1/1) D:5
   Lair: D:8-11

Altars:
Ashenzari
Cheibriados
Dithmenos
Elyvilon
Fedhas
Gozag
Hepliaklqana
Kikubaaqudgha
Nemelex Xobeh
Okawaru
Qazlal
Ru
Sif Muna
Trog
Uskayaw
Wu Jian
Xom
Yredelemnul
Zin
The Shining One

Shops:
D:3 (

Annotations:
D:4 2 transporters, Mandevil's ghost, novice SpAM


Innate Abilities, Weirdness & Mutations

You may rarely emit foul miasma when damaged in melee.
You are partially covered in sharp spines.
When seriously injured, your blood forms armour. (AC +6)
You have a sharp stinger which inflicts weakening toxins.


Message History

a +0 flail; a wolf corpse Unknown command.
You slash Grum!
Your tail-slap misses Grum.
Grum is moderately wounded.
An orc comes into view. It is wielding a +0 short sword.
The orc wizard gestures wildly while chanting.
The orc wizard flickers and vanishes!
You block Grum's attack.
The orc shouts!
You slice Grum!!
Grum is almost dead.
Grum hits you with a +0 spear!
* * * LOW HITPOINT WARNING * * *
You block something's attack. You block Grum's attack.
Unknown command.
You hit Grum.
You kill Grum!
Cheibriados appreciates the change of pace.
An orc comes into view. It is wielding a +0 flail.
Something hits you but does no damage.
Unknown command.
You completely miss something.
The orc shouts!
Something hits you.
* * * LOW HITPOINT WARNING * * *
x2 You hear some strange, mumbled words.
You are confused.
Something hits you but does no damage. x2
You bump into the rock wall.
You are no longer berserk.
You are exhausted.
You feel yourself slow down.
Something hits you but does no damage. x2
You barely miss something. Something hits you.
* * * LOW HITPOINT WARNING * * *
x2 You hear some strange, mumbled words.
A puff of flame appears from out of thin air!
The puff of flame hits you.
* * * LOW HITPOINT WARNING * * *
Something hits you but does no damage. x2
You bump into the rock wall.
Something hits you!
You die...

.........#
.........#
.........# ##
.........##.)
...........
$.....)))#######
.......oo.......
#[
#.######{##....
#.. #@# . ...
#.# #.# #.# ...
#.#
#.##.######.#
#.#
#........##.#
#.# #..<...#.#
#.# #####....#
#.# ###.### #.#


You could see 2 orcs.

Vanquished Creatures
  A gargoyle (D:8)
  A troll (D:7)
  5 yaks (D:6)
  Grum (D:8)
  A water moccasin (D:7)
  3 sky beasts (D:7)
  An orc warrior (D:8)
  An ice beast (D:6)
  4 ogres
  2 centaurs (D:7)
  3 wolves (D:8)
  2 phantoms
  4 necrophages
  2 bullfrogs
  3 scorpions
  4 wights (D:7)
  5 killer bees (D:7)
  3 jellies (D:6)
  A human zombie (D:4)
  A bullfrog zombie (D:4)
  An orc priest (D:7)
  A gnoll shaman (D:7)
  6 iguanas
  3 scorpion zombies (D:4)
  5 orc wizards
  2 hound zombies (D:4)
  12 gnolls
  2 adders
  A white imp (D:6)
  2 ufetubi
  An adder zombie (D:4)
  A worm (D:2)
  3 dart slugs (D:4)
  14 orcs
  4 ball pythons
  3 bats
  2 endoplasms
  A giant cockroach (D:3)
  4 goblins
  8 hobgoblins
  2 jackals (D:2)
  A quokka (D:3)
  A frilled lizard (D:2)
  5 kobolds
  A quokka zombie (D:4)
  7 rats
141 creatures vanquished.

Notes
Turn   | Place    | Note
-------+----------+-------------------------------------------
     0 | D:1      | Morbidden the Demonspawn Fighter began the quest for the
                  | Orb.
     0 | D:1      | Reached XP level 1. HP: 18/18 MP: 1/1
   470 | D:1      | Gained mutation: You have a small tail. [demonic ancestry]
   470 | D:1      | Reached XP level 2. HP: 24/24 MP: 2/2
   474 | D:1      | Found a faded altar of an unknown god.
   808 | D:2      | Found a bloodstained altar of Trog.
   923 | D:2      | Reached skill level 2 in Axes
  1387 | D:2      | Reached XP level 3. HP: 25/29 MP: 3/3
  1672 | D:3      | Found an opulent altar of Gozag.
  1798 | D:3      | Found an iron altar of Okawaru.
  1886 | D:3      | Found a shimmering altar of Xom.
  2107 | D:3      | Found Uwunkan's Weapon Boutique.
  2443 | D:3      | Gained mutation: You have a tail ending in a sharp stinger.
                  | [demonic ancestry]
  2443 | D:3      | Reached XP level 4. HP: 21/37 MP: 3/5
  2608 | D:4      | Reached skill level 1 in Dodging
  2608 | D:4      | Reached XP level 5. HP: 31/42 MP: 6/6
  2627 | D:4      | Found a shimmering blue altar of Sif Muna.
  2699 | D:4      | Reached skill level 1 in Spellcasting
  2712 | D:4      | Reached skill level 3 in Axes
  2925 | D:4      | Found a basalt altar of Yredelemnul.
  2940 | D:4      | Gained mutation: You are partially covered in sharp spines.
                  | [demonic ancestry]
  2940 | D:4      | Reached XP level 6. HP: 48/48 MP: 6/8
  2999 | D:4      | Reached skill level 4 in Axes
  3020 | D:4      | Gained mutation: You have a sharp stinger which inflicts
                  | weakening toxins. [demonic ancestry]
  3020 | D:4      | Reached XP level 7. HP: 52/55 MP: 9/9
  3131 | D:4      | Found a transporter.
  3133 | D:4      | Found a transporter.
  3133 | D:4      | Noticed Mandevil's ghost (novice SpAM)
  3460 | D:4      | Found an ornate altar of the Wu Jian Council.
  3671 | D:5      | Entered Level 5 of the Dungeon
  3741 | D:5      | Found a staircase to the Ecumenical Temple.
  3782 | Temple   | Entered the Ecumenical Temple
  3807 | Temple   | Became a worshipper of Cheibriados the Contemplative
  3888 | D:5      | Reached skill level 5 in Axes
  3933 | D:5      | Reached skill level 1 in Invocations
  4099 | D:5      | Reached skill level 5 in Fighting
  4334 | D:6      | Reached XP level 8. HP: 51/62 MP: 11/11
  4534 | D:6      | Reached skill level 6 in Axes
  4714 | D:6      | Reached * piety under Cheibriados
  4715 | D:6      | Gained mutation: You may rarely emit foul miasma when
                  | damaged in melee. [demonic ancestry]
  4715 | D:6      | Reached XP level 9. HP: 58/69 MP: 13/13
  5685 | D:7      | Reached skill level 7 in Axes
  5920 | D:7      | Noticed a troll
  5931 | D:7      | Killed a troll
  6199 | D:7      | Reached ** piety under Cheibriados
  6420 | D:7      | Found a sacrificial altar of Ru.
  6435 | D:7      | Reached skill level 5 in Shields
  6791 | D:8      | Noticed a gargoyle
  6804 | D:8      | HP: 3/71 [gargoyle/stone arrow (19)]
  6805 | D:8      | HP: 1/71 [gargoyle/+0 flail (14)]
  6815 | D:8      | Killed a gargoyle
  6816 | D:8      | Reached skill level 5 in Armour
  6816 | D:8      | Gained mutation: When seriously injured, your blood forms
                  | armour. (AC +6) [demonic ancestry]
  6816 | D:8      | Reached XP level 10. HP: 39/77 MP: 15/15
  6869 | D:8      | Noticed Grum
  6873 | D:8      | Reached skill level 8 in Axes
  6886 | D:8      | Identified the +8 trident "Fuxo Saludd" {vorpal, rPois
                  | Will+ Dex+7}
  6891 | D:8      | Killed Grum
  6894 | D:8      | HP: 1/77 [something/puff of flame (6)]
  6895 | D:8      | Mangled by an orc wizard

Illustrated notes

Levels and vault maps discovered:
D:1:      dpeg_arrival_round_b, layout_loops_ring,
          dilly_ecumenical_altar_fadedgnrine
D:2:      layout_basic, basic_altar, small_statue_intersection
D:3:      layout_loops_ring, lemuel_crystal_altar,
          mainiacjoe_overflow_boulevard, mainiacjoe_overflow_two_lobes,
          serial_shops, nicolae_shop_bloodbath_and_beyond,
          dreamdust_wishing_well
D:4:      layout_basic, lemuel_mausoleum_altar_yredelemnul,
          mainiacjoe_overflow_alcove_1, mainiacjoe_overflow_24_doors,
          gammafunk_ghost_arena
D:5:      layout_loops_cross, nicolae_elyvilon_peaceful_grove,
          minmay_temple_entry_arrows
D:6:      nicolae_cairo_tiling, layout_basic
D:7:      layout_loops_ring, nicolae_ru_awakened_eye,
          minmay_fractal_squares_gapless_5
D:8:      layout_rooms, makhleb_altar_promises_db, serial_shops, shop,
          uniq_maurice, uniq_erica, uniq_psyche, uniq_grum
Temple:   nicolae_temple_x_marks_the_god

Skill      XL: |  1  2  3  4  5  6  7  8  9 10 |
---------------+-------------------------------+-----
Axes           | 2 3 4 5 6 7 8 |  8.0
Armour         | 3 4 5 |  5.0
Shields        | 3 4 5 |  5.7
Dodging        | 1 2 3 4 |  4.2
Spellcasting   | 1 2 3 4 |  4.0
Fighting       | 4 5 6 |  6.6
Invocations    | 1 3 4 |  4.7
Maces & Flails | |  0.8
Throwing       | |  0.1
Stealth        | |  0.3

Action                   |  1- 3 |  4- 6 |  7- 9 | 10-12 || total
-------------------------+-------+-------+-------+-------++-------
Melee: War axe           |   113 |   119 |   252 |    17 ||   501
       Tailslap          |    12 |    18 |    44 |     2 ||    76
Throw: Dart              |       |       |     5 |       ||     5
  Use: Potion            |     2 |       |     6 |     1 ||     9
       Scroll            |       |       |     5 |       ||     5
Armor: Scale mail        |    30 |       |       |       ||    30
       Chain mail        |    54 |    65 |   105 |    21 ||   245
       Skin              |       |       |     2 |       ||     2
Dodge: Dodged            |    21 |    16 |    55 |     6 ||    98
Block: Buckler           |     1 |       |       |       ||     1
       Tower shield      |    44 |    85 |   223 |    39 ||   391

Table legend: (Time is in decaauts)
 A = Elapsed time spent in this place.
 B = Non-inter-level travel time spent in this place.
 C = Inter-level travel time spent in this place.
 D = Time resting spent in this place.
 E = Time spent auto-exploring this place.
 F = Levels seen in this place.
 G = Mean time per level.
                   A        B        C        D        E       F      G
               +--------+--------+--------+--------+--------+-----+--------+
         Total |   7980 |   7653 |    327 |    788 |   5347 |   9 |  886.7 |
       Dungeon |   7949 |   7626 |    323 |    788 |   5332 |   8 |  993.6 |
        Temple |     30 |     27 |      3 |      0 |     15 |   1 |   30.0 |
               +--------+--------+--------+--------+--------+-----+--------+

Top non-repeatable levels by time:
     D:6: 1570 daAuts
     D:7: 1552 daAuts
     D:4: 1216 daAuts
     D:2: 986 daAuts
     D:3: 882 daAuts
     D:5: 772 daAuts
     D:1: 772 daAuts
     D:8: 198 daAuts
  Temple: 30 daAuts
